[Event "Team 45 45 League T53"]
[Site "Internet Chess Club"]
[Date "2012.05.20"]
[Round "1"]
[White "mers37"]
[Black "steadman"]
[Result "1/2-1/2"]
[WhiteElo "2050"]
[BlackElo "2196"]
[Opening "French: Tarrasch, Guimard main line"]
[ECO "C04"]
[Time "08:06:38"]
[TimeControl "2700+45"]

1. e4 e6 2. d4 d5 3. Nd2 Nc6 4. Ngf3 Nf6 5. e5 Nd7 6. c4 Be7 7. a3 f6 8. cxd5
exd5 9. Bb5 fxe5 10. Nxe5 Ndxe5 11. dxe5 O-O 12. Bxc6 bxc6 13. Nf3 Bg4 14. O-O
Qe8 15. Qd3 Bf5 16. Qc3 c5 17. b4 Qg6 18. bxc5 Bd3 19. Ne1 Bxf1 20. Kxf1 Qa6+
21. Kg1 Qe2 22. Be3 Bg5 23. Bd4 Rab8 24. c6 Qc4 25. Qxc4 dxc4 26. Bxa7 Rbd8 27.
g3 Bd2 28. Bc5 Rfe8 29. f4 Re6 30. Kf2 Rxc6 31. Be3 c3 32. Nc2 Bxe3+ 33. Kxe3
Rh6 34. h4 Rg6 35. Rg1 c5 36. h5 Rb6 37. Rc1 Rb3 38. a4 Kf7 39. a5 Ra8 40. Ra1
Ke6 41. Ke4 Rb5 42. f5+ Ke7 43. h6 gxh6 44. f6+ Ke6 45. Rd1 Ra6 46. Rd8 Rb7 47.
Re8+ Kf7 48. Rh8 Ke6 49. Re8+ Kf7 50. Rh8 Ke6 51. Re8+ {Game drawn by
repetition} 1/2-1/2

[Event "Team 45 45 League T53"]
[Site "Internet Chess Club"]
[Date "2012.05.19"]
[Round "1"]
[White "PoisonPawn"]
[Black "lacibacsi"]
[Result "0-1"]
[WhiteElo "1971"]
[BlackElo "2014"]
[Opening "Sicilian: Pelikan, Chelyabinsk variation"]
[ECO "B23"]
[Time "15:02:38"]
[TimeControl "2700+45"]

1. e4 c5 2. Nc3 Nc6 3. Nf3 Nf6 4. d4 cxd4 5. Nxd4 e5 6. Ndb5 d6 7. Bg5 a6 8. Na3
b5 9. Bxf6 gxf6 10. Nd5 Bg7 11. Bd3 Ne7 12. Nxe7 Qxe7 13. O-O O-O 14. Qf3 f5 15.
exf5 d5 16. Qxd5 Bb7 17. Qb3 e4 18. Be2 Qg5 19. Nc4 Bd5 20. Qe3 Qxf5 21. Nb6
Rad8 22. Nxd5 Rxd5 23. c3 Qg6 24. Rad1 Rg5 25. g3 f5 26. f4 exf3 27. Rxf3 Re8
28. Qf2 f4 29. Rxf4 Be5 30. Rf3 Bc7 31. Rf1 Bb6 32. Kg2 Bxf2 33. R1xf2 Rge5 34.
Bd3 Qc6 35. h3 Re3 {White resigns} 0-1

[Event "Team 45 45 League T53"]
[Site "Internet Chess Club"]
[Date "2012.05.19"]
[Round "1"]
[White "JohanWassermann"]
[Black "primerpaso"]
[Result "0-1"]
[WhiteElo "1956"]
[BlackElo "1933"]
[Opening "Sicilian: Najdorf, Byrne (English) attack"]
[ECO "B90"]
[Time "16:00:41"]
[TimeControl "2700+45"]

1. e4 c5 2. Nf3 d6 3. d4 cxd4 4. Nxd4 Nf6 5. Nc3 a6 6. Be3 e5 7. Nf3 Qc7 8. Qd2
b5 9. O-O-O Bb7 10. Nd5 Nxd5 11. exd5 Nd7 12. Qb4 Rc8 13. Rd2 Bxd5 {White
resigns} 0-1

[Event "Team 45 45 League T53"]
[Site "Internet Chess Club"]
[Date "2012.05.21"]
[Round "1"]
[White "Chatica"]
[Black "Uwak"]
[Result "0-1"]
[WhiteElo "2223"]
[BlackElo "2469"]
[Opening "King's Indian: 4.e4"]
[ECO "E70"]
[Time "23:05:12"]
[TimeControl "2700+45"]

1. d4 Nf6 2. c4 g6 3. Nc3 Bg7 4. e4 O-O 5. Nf3 c5 6. dxc5 Na6 7. h3 Nxc5 8. e5
Ne8 9. Be2 b6 10. O-O Bb7 11. Bf4 d6 12. Re1 Rc8 13. Nd5 Nc7 14. Nxc7 Rxc7 15.
exd6 exd6 16. Bg5 Qa8 17. b4 Ne4 18. Rc1 a5 19. Bd2 axb4 20. Bxb4 Qxa2 21. Nd2
Nxd2 22. Bxd2 d5 23. Bf4 Rcc8 24. cxd5 Rxc1 25. Qxc1 Bxd5 26. Be3 Qa8 27. Bf1
Qb7 28. Qb1 b5 29. Qb4 Bc6 30. Rd1 Re8 31. Bc5 h6 32. Rb1 Re4 33. Qa5 Qd7 34.
Qb6 Be5 35. Be3 b4 36. Rc1 Bc3 37. Bxh6 Kh7 38. Be3 Rxe3 39. Qxe3 Bd2 40. Qc5
Bxc1 41. Qxc1 Qd5 42. Qb2 b3 43. Qb1 Bb5 44. Bxb5 Qxb5 45. Qb2 Kg8 46. g3 Qd3
{White resigns} 0-1

[Event "Team 45 45 League T53"]
[Site "Internet Chess Club"]
[Date "2012.05.26"]
[Round "1"]
[White "searchforbobby1"]
[Black "zeigmata"]
[Result "1-0"]
[WhiteElo "2166"]
[BlackElo "2199"]
[Opening "King's knight opening"]
[ECO "C40"]
[Time "16:05:06"]
[TimeControl "2700+45"]

1. e4 e5 2. Nf3 c6 3. Nxe5 Qe7 4. Nf3 Qxe4+ 5. Be2 Nf6 6. O-O Be7 7. Re1 d5 8.
d4 Qe6 9. Bd3 Qd6 10. b3 Be6 11. Ng5 O-O 12. Ba3 Qd7 13. Bxe7 Qxe7 14. Nxe6 fxe6
15. Bf5 Kh8 16. Bxe6 Ne4 17. Bxd5 cxd5 18. f3 Nc6 19. fxe4 dxe4 20. Nc3 e3 21.
Nd5 Qe4 22. Nxe3 Nxd4 23. c3 Nb5 24. Nd5 Qf5 25. c4 Qf2+ 26. Kh1 Nd4 27. Rf1 Qb2
28. Qd3 Nc6 29. Rfb1 Qf2 30. h3 Rae8 31. Rf1 Qb2 32. a4 a5 33. Rae1 Qd4 34. Rxe8
Rxe8 35. Qf5 Rg8 36. Re1 Qb2 37. Kh2 Qxb3 38. Nf6 {Black resigns} 1-0

[Event "Team 45 45 League T53"]
[Site "Internet Chess Club"]
[Date "2012.05.21"]
[Round "1"]
[White "eurander"]
[Black "Burning-Bush"]
[Result "1-0"]
[WhiteElo "2141"]
[BlackElo "2011"]
[Opening "Sicilian: Alapin's variation (2.c3)"]
[ECO "B22"]
[Time "14:05:17"]
[TimeControl "2700+45"]

1. e4 c5 2. c3 d5 3. exd5 Qxd5 4. d4 Nf6 5. Nf3 Bg4 6. Be2 e6 7. h3 Bh5 8. O-O
Be7 9. Be3 cxd4 10. cxd4 O-O 11. Nc3 Qd8 12. Qb3 b6 13. Rfd1 Nd5 14. Nxd5 exd5
15. Rac1 Qd6 16. Rd2 Bg6 17. Ne5 Be4 18. Bf4 Qf6 19. Qg3 Bb4 20. Rdd1 Bd6 21. f3
Bf5 22. Ng4 Bxg4 23. Bxd6 Bf5 24. Bxf8 Kxf8 25. Qe5 Nd7 26. Qxf6 Nxf6 27. Bd3
Bd7 28. g4 Ke7 29. h4 g6 30. Kf2 Kd6 31. Re1 Rf8 32. Kg3 Ne8 33. Rc3 Ng7 34. Bf1
h5 35. Ra3 a5 36. Rb3 Rb8 37. Bh3 f5 38. Rc3 Rf8 39. a3 Ne6 40. Rd1 fxg4 41.
fxg4 Nf4 42. Rf3 Ne2+ 43. Kf2 Re8 44. gxh5 Bxh3 45. Rxh3 Nf4 46. Re3 Rh8 47.
hxg6 Nxg6 48. Rde1 Nxh4 49. Re6+ Kc7 50. Re7+ Kc6 51. R1e5 Rf8+ 52. Ke2 Ng2 53.
R7e6+ Kb7 54. Re8 Rf6 55. a4 Kc7 56. R5e7+ Kd6 57. Rb7 Kc6 58. Reb8 Nf4+ 59. Kd2
Ne6 60. Rxb6+ Kd7 61. R8b7+ Kd8 62. Rd6+ Ke8 63. Ra6 Rg6 64. Rxa5 Nd8 65. Ra8
Rd6 66. Rbb8 Ke7 67. Rxd8 Rxd8 68. Rxd8 Kxd8 69. Kc3 Kc7 70. Kb4 Kb6 71. b3
{Black resigns} 1-0

[Event "Team 45 45 League T53"]
[Site "Internet Chess Club"]
[Date "2012.05.26"]
[Round "1"]
[White "boknoy"]
[Black "SlimeDog2"]
[Result "1-0"]
[WhiteElo "1968"]
[BlackElo "2107"]
[Opening "Scotch: Schmidt variation"]
[ECO "C45"]
[Time "17:02:09"]
[TimeControl "2700+45"]

1. e4 e5 2. Nf3 Nc6 3. d4 exd4 4. Nxd4 Nf6 5. Nxc6 bxc6 6. Bd3 d6 7. O-O Be7 8.
b3 O-O 9. Bb2 Re8 10. h3 Bf8 11. Nd2 c5 12. Qf3 Bb7 13. Rad1 a5 14. a4 Nd7 15.
Nc4 g6 16. Bc3 Bg7 17. Nxa5 Bxc3 18. Nxb7 Qe7 19. Bb5 Bd4 20. Bxd7 Qxd7 21. c3
Bg7 22. Nxc5 Qc6 23. Nd3 Qxc3 24. Nf4 Rab8 25. Qxc3 Bxc3 26. Rd3 Rxe4 27. Nd5
Bd4 28. Nxc7 Rc8 29. Nb5 Bc5 30. Nxd6 Bxd6 31. Rxd6 Rb8 32. Rd3 Reb4 33. Ra1
Rxb3 34. Rxb3 Rxb3 35. a5 Rb7 36. a6 Ra7 37. Kf1 Kf8 38. Ke2 Ke7 39. Kd3 Kd6 40.
Kd4 h5 41. h4 f6 42. Kc4 Kc6 43. Re1 Rc7 44. Kb4 Kd6 45. Rd1+ Ke6 46. Ra1 {Black
resigns} 1-0

[Event "Team 45 45 League T53"]
[Site "Internet Chess Club"]
[Date "2012.05.20"]
[Round "1"]
[White "chiiwen"]
[Black "gareth"]
[Result "0-1"]
[WhiteElo "2177"]
[BlackElo "2161"]
[Opening "French: Tarrasch, closed variation, main line"]
[ECO "C05"]
[Time "12:05:38"]
[TimeControl "2700+45"]

1. e4 e6 2. d4 d5 3. Nd2 Nf6 4. e5 Nfd7 5. c3 c5 6. Bd3 cxd4 7. cxd4 Nc6 8. Ne2
Qb6 9. Nf3 Bb4+ 10. Bd2 f6 11. exf6 Nxf6 12. O-O Bd7 13. Rc1 O-O 14. Bxb4 Qxb4
15. Qd2 Rac8 16. Rc3 Qd6 17. a3 e5 18. dxe5 Nxe5 19. Nxe5 Qxe5 20. Rxc8 Rxc8 21.
f3 Re8 22. Rc1 Bc6 23. Qc3 Qg5 24. Re1 Nh5 25. Qd4 Nf4 26. g3 Re3 27. Qxf4 Qxf4
28. gxf4 Rxd3 29. Kf2 d4 30. Ng1 Kf7 31. Re2 Kf6 32. Rc2 Rd1 33. Rc4 Bb5 34. Rb4
Rf1+ 35. Kg2 d3 36. Rd4 Rb1 37. Nh3 Rxb2+ 38. Nf2 Ra2 39. Rd5 Bc4 40. Rd4 b5 41.
Rd6+ Ke7 42. Ra6 Rxf2+ 43. Kxf2 d2 44. Rxa7+ Kd6 45. Ra8 Ke7 46. Ra7+ Kd6 47.
Ra8 Kd7 48. Ra7+ Kc6 {White resigns} 0-1

[Event "Team 45 45 League T53"]
[Site "Internet Chess Club"]
[Date "2012.05.20"]
[Round "1"]
[White "jefferyx"]
[Black "Pomberito"]
[Result "0-1"]
[WhiteElo "2068"]
[BlackElo "2057"]
[Opening "Ruy Lopez: Morphy defense"]
[ECO "C77"]
[Time "14:01:19"]
[TimeControl "2700+45"]

1. e4 e5 2. Nf3 Nc6 3. Bb5 a6 4. Ba4 Nf6 5. d4 exd4 6. O-O Be7 7. Re1 b5 8. Bb3
d6 9. Bd5 Nxd5 10. exd5 Ne5 11. Nxd4 O-O 12. a4 Bg4 13. f3 Bd7 14. Nc3 bxa4 15.
f4 c5 16. dxc6 Nxc6 17. Nxa4 Bh4 18. g3 Bf6 19. Be3 Re8 20. Nb3 Bf5 21. Qd2 Rb8
22. Rad1 Nb4 23. Na1 h5 24. Bf2 Bg4 25. Rb1 Bf3 26. Ba7 Rb7 27. Bd4 Bxd4+ 28.
Qxd4 Bc6 29. Nc3 Rbe7 30. Red1 Qb8 31. Qf2 Ba8 32. h3 Qb7 33. Kh2 Re3 34. Rg1
Nd5 35. Rgd1 Nxc3 36. bxc3 Qc6 37. Rd2 h4 38. gxh4 Qxc3 39. Rd3 Rxd3 40. cxd3
Qxd3 41. Re1 Rxe1 42. Qxe1 Qf3 {White resigns} 0-1

[Event "Team 45 45 League T53"]
[Site "Internet Chess Club"]
[Date "2012.05.18"]
[Round "1"]
[White "MarioFrank"]
[Black "kidviper"]
[Result "1-0"]
[WhiteElo "1927"]
[BlackElo "1981"]
[Opening "Réti opening"]
[ECO "A05"]
[Time "17:05:12"]
[TimeControl "2700+45"]

1. Nf3 Nf6 2. g3 d5 3. Bg2 c5 4. O-O Nc6 5. d3 g6 6. Nbd2 Bg7 7. c3 O-O 8. e4 d4
9. cxd4 cxd4 10. a4 Bg4 11. h3 Bxf3 12. Nxf3 Nd7 13. Ne1 Nc5 14. a5 e5 15. Bd2
a6 16. f4 Qe7 17. f5 f6 18. b4 Nd7 19. fxg6 hxg6 20. Qg4 Qf7 21. Nf3 f5 22. exf5
Qxf5 23. Qxf5 Rxf5 24. Nh4 Rxf1+ 25. Rxf1 Nf8 26. Bd5+ Kh8 27. Rf7 Nd8 28. Re7
Rb8 29. Re8 Nc6 30. Bxc6 Rxe8 31. Bxe8 Kh7 32. Bg5 e4 33. dxe4 d3 34. Kf1 Bc3
35. Be7 Ne6 36. Bxg6+ Kg7 37. Bh5 Kh6 38. Bg4 Nd4 39. Nf5+ Kg6 40. Nxd4 Bxd4 41.
Be6 Be3 42. h4 b5 43. g4 d2 44. Ke2 Bf4 45. h5+ Kh6 46. Bc8 Be3 47. Bxa6 Ba7 48.
Bxb5 Be3 49. Be8 Kg7 50. g5 Bd4 51. Kxd2 Kh7 52. Kd3 Be5 53. a6 Bb8 54. b5 Ba7
55. g6+ Kh8 56. Bf6+ Kg8 57. Bf7+ Kf8 58. Bd5 Bd4 59. g7+ Ke8 60. g8=Q+ Kd7 61.
Qd8# {Black checkmated} 1-0

[Event "Team 45 45 League T53"]
[Site "Internet Chess Club"]
[Date "2012.05.20"]
[Round "1"]
[White "Morovon23"]
[Black "sibirica"]
[Result "1-0"]
[WhiteElo "2349"]
[BlackElo "2378"]
[Opening "King's Indian: orthodox, Aronin-Taimanov variation (Yugoslav attack / Mar del Plata variation)"]
[ECO "E97"]
[Time "13:00:21"]
[TimeControl "2700+45"]

1. d4 Nf6 2. Nf3 g6 3. c4 Bg7 4. Nc3 d6 5. e4 O-O 6. Be2 e5 7. O-O Nc6 8. d5 Ne7
9. Bg5 h6 10. Bd2 Nd7 11. Qc1 Kh7 12. Ne1 f5 13. f3 f4 14. Nd3 g5 15. b4 Nf6 16.
c5 g4 17. Be1 Ng6 18. a4 g3 19. hxg3 Nh5 20. g4 Ng3 21. Ra2 Bd7 22. Rc2 Rh8 23.
Nf2 Kg8 24. c6 bxc6 25. dxc6 Be6 26. Nd5 h5 27. g5 Qxg5 28. Bc4 Nh4 29. Nh3 Bxh3
30. Nxf4+ Kh7 31. Bxg3 exf4 32. Bxh4 Bd4+ 33. Kh1 Bxg2+ 34. Rxg2 Qxh4+ 35. Rh2
Qf6 36. Rd1 h4 37. Qd2 Be3 38. Qe1 h3 39. Rd5 Rag8 40. Rf5 Qd4 41. Qh4+ Kg7 42.
Qg4+ {Black resigns} 1-0

[Event "Team 45 45 League T53"]
[Site "Internet Chess Club"]
[Date "2012.05.21"]
[Round "1"]
[White "qlwqznzn"]
[Black "MikeA"]
[Result "1/2-1/2"]
[WhiteElo "2349"]
[BlackElo "2247"]
[Opening "Sicilian: Sveshnikov variation"]
[ECO "B33"]
[Time "09:02:21"]
[TimeControl "2700+45"]

1. e4 c5 2. Nf3 Nc6 3. d4 cxd4 4. Nxd4 Nf6 5. Nc3 e5 6. Ndb5 d6 7. Bg5 a6 8. Na3
b5 9. Bxf6 gxf6 10. Nd5 f5 11. Bd3 Be6 12. c3 Bg7 13. Qh5 O-O 14. O-O fxe4 15.
Bxe4 f5 16. Nf4 exf4 17. Bxc6 Rc8 18. Bb7 Rb8 19. Qe2 Re8 20. Bc6 Re7 21. Rfe1
Qc7 22. Bd5 Rbe8 23. Qd3 Bxd5 24. Qxd5+ Kh8 25. Nc2 b4 26. Rxe7 Qxe7 27. cxb4
Qe2 28. Qc6 f3 29. h4 Rg8 30. Re1 Qd2 31. Re8 Qd1+ 32. Ne1 fxg2 33. Rxg8+ Kxg8
34. Qe8+ Bf8 35. Qe6+ Kg7 36. Kxg2 Qg4+ 37. Kf1 Qxb4 38. Qxf5 Qc4+ 39. Kg2 Qxa2
40. Nd3 Qg8 41. Qg5+ Kh8 42. Qxg8+ Kxg8 43. Kf3 Kf7 44. Ke4 Bg7 45. b3 a5 46.
Nf4 Bf6 47. h5 Kg7 48. Kf5 Bh4 49. f3 Bf2 50. Nd5 Kh6 51. Kg4 Bc5 52. f4 Kg7 53.
f5 Kf7 54. Kg5 Bd4 55. Kf4 Be5+ 56. Ke4 Kg7 57. Nb6 Bg3 58. Nd5 Be5 59. Nb6 Bc3
60. Nd5 Bf6 61. Kf4 Kf7 62. Ke4 Kg7 63. Kf4 Kf7 64. Ke4 Ba1 65. Kf4 Bd4 66. Ke4
Bh8 67. Kf4 {Game drawn by mutual agreement} 1/2-1/2

[Event "Team 45 45 League T53"]
[Site "Internet Chess Club"]
[Date "2012.05.18"]
[Round "1"]
[White "StephenHawking"]
[Black "michaelq2d5"]
[Result "0-1"]
[WhiteElo "2106"]
[BlackElo "2140"]
[Opening "QGA: classical, 8...Bb7"]
[ECO "D29"]
[Time "23:12:24"]
[TimeControl "2700+45"]

1. d4 d5 2. c4 dxc4 3. e3 Nf6 4. Bxc4 e6 5. Nf3 a6 6. O-O c5 7. Qe2 b5 8. Bb3
Bb7 9. Rd1 Nbd7 10. Nc3 Qb6 11. Bc2 Rc8 12. e4 cxd4 13. Nxd4 Bc5 14. Be3 Ne5 15.
Rac1 O-O 16. Bb1 Neg4 17. h3 Nxe3 18. fxe3 e5 19. Nc2 Nxe4 20. Nd5 Bxd5 21. Rxd5
Bxe3+ 22. Kh2 Bf4+ {White resigns} 0-1

[Event "Team 45 45 League T53"]
[Site "Internet Chess Club"]
[Date "2012.05.17"]
[Round "1"]
[White "Epcot"]
[Black "mcplayerus"]
[Result "1-0"]
[WhiteElo "1965"]
[BlackElo "2037"]
[Opening "Catalan opening"]
[ECO "E00"]
[Time "20:38:42"]
[TimeControl "2700+45"]

1. d4 Nf6 2. c4 e6 3. g3 Bb4+ 4. Bd2 Be7 5. Bg2 d5 6. Nc3 Nbd7 7. Nf3 O-O 8. O-O
c6 9. Re1 b6 10. cxd5 cxd5 11. a3 Bb7 12. Bf4 Ne4 13. Rc1 g5 14. Be3 Nxc3 15.
Rxc3 g4 16. Nd2 f5 17. f3 Bd6 18. Bh6 Rf7 19. fxg4 fxg4 20. e4 Qf6 21. Qxg4+ Kh8
22. Rf3 Qxd4+ 23. Be3 Qg7 24. Qxe6 Rxf3 25. Nxf3 Bc5 26. exd5 Bxe3+ 27. Rxe3 Nc5
28. Qe5 Rd8 29. b4 Nd7 30. Qc7 Rb8 31. Bh3 Qh6 32. Re7 Rc8 33. Qxd7 Rc1+ 34. Kf2
Rc2+ 35. Re2 Rxe2+ 36. Kxe2 Ba6+ 37. Kf2 Qc1 38. Qe8+ Kg7 39. Qe7+ Kh6 40. Qf6+
{Black resigns} 1-0

[Event "Team 45 45 League T53"]
[Site "Internet Chess Club"]
[Date "2012.05.23"]
[Round "1"]
[White "AugustoCaruso"]
[Black "M-Abotreka"]
[Result "1/2-1/2"]
[WhiteElo "2194"]
[BlackElo "2102"]
[Opening "Caro-Kann: two knights, 3...Bg4"]
[ECO "A00"]
[Time "12:26:45"]
[TimeControl "2700+45"]

1. Nc3 d5 2. e4 c6 3. Nf3 Bg4 4. h3 Bh5 5. g4 Bg6 6. exd5 cxd5 7. h4 f6 8. Nd4
Bf7 9. Bb5+ Nd7 10. Qe2 e5 11. f4 Bc5 12. fxe5 fxe5 13. Qxe5+ Qe7 14. Qxe7+ Nxe7
15. Nf3 Be6 16. d4 Bd6 17. Rg1 O-O 18. Ng5 Nc6 19. Be3 Rae8 20. Kd2 Nf6 21. Nxe6
Rxe6 22. Rae1 Rfe8 23. Bxc6 bxc6 24. Kd3 Bh2 25. Rg2 Bf4 26. Nd1 Re4 27. Ree2
Bc7 28. Nc3 Rxg4 29. Bg5 Rxg2 30. Rxg2 Nh5 31. Rf2 h6 32. Bd2 Bg3 33. Rf5 g6 34.
Rf1 Kg7 35. Rh1 Nf4+ 36. Bxf4 Bxf4 37. Nd1 h5 38. c4 Re4 39. b4 Bg3 40. b5 cxb5
41. c5 Rxh4 {Game drawn by mutual agreement} 1/2-1/2

[Event "Team 45 45 League T53"]
[Site "Internet Chess Club"]
[Date "2012.05.20"]
[Round "1"]
[White "frontier"]
[Black "QueensCounselor"]
[Result "1/2-1/2"]
[WhiteElo "1978"]
[BlackElo "2079"]
[Opening "English: four knights, Nimzovich variation"]
[ECO "A28"]
[Time "12:03:29"]
[TimeControl "2700+45"]

1. c4 e5 2. Nc3 Nf6 3. Nf3 Nc6 4. e4 Bc5 5. Nxe5 Nxe5 6. d4 Bb4 7. dxe5 Nxe4 8.
Qf3 Nxc3 9. bxc3 Ba5 10. Qg3 O-O 11. Bh6 Bxc3+ 12. Qxc3 gxh6 13. Bd3 d6 14. O-O
dxe5 15. f4 Qd4+ 16. Qxd4 exd4 17. f5 c5 18. f6 Be6 19. Rf3 Kh8 20. Re1 Rg8 21.
h4 Rg4 22. g3 Rc8 23. a4 Rc6 24. Re5 b6 25. Rh5 Kg8 26. Rxh6 Rg6 27. Rh5 Rc8 28.
Bxg6 hxg6 29. Re5 Bxc4 30. Rf2 Bb3 31. h5 Kh7 32. g4 c4 33. hxg6+ Kxg6 34. Rh5
d3 35. Rff5 Rc5 36. Rhg5+ Kh6 {Game drawn by mutual agreement} 1/2-1/2

[Event "Team 45 45 League T53"]
[Site "Internet Chess Club"]
[Date "2012.05.18"]
[Round "1"]
[White "dinin"]
[Black "egyptiantiger"]
[Result "0-1"]
[WhiteElo "1902"]
[BlackElo "2125"]
[Opening "Sicilian: Boleslavsky variation, 7.Nb3"]
[ECO "B59"]
[Time "15:30:17"]
[TimeControl "2700+45"]

1. e4 c5 2. Nf3 Nc6 3. d4 cxd4 4. Nxd4 e5 5. Nb3 d6 6. Nc3 Nf6 7. Be2 Be7 8. Be3
Be6 9. g4 d5 10. g5 Nxe4 11. Nxe4 dxe4 12. Qxd8+ Rxd8 13. Nc5 Bxc5 14. Bxc5 Nd4
15. Bd1 b6 16. Ba3 h6 17. gxh6 Rxh6 18. c3 Nf3+ 19. Ke2 Bc4+ 20. Ke3 Rd3+ 21.
Kxe4 Rh4+ 22. Kf5 Be6# {White checkmated} 0-1

[Event "Team 45 45 League T53"]
[Site "Internet Chess Club"]
[Date "2012.05.22"]
[Round "1"]
[White "AmrSobh"]
[Black "jonesey"]
[Result "1-0"]
[WhiteElo "2193"]
[BlackElo "1830"]
[Opening "Pirc: classical (two knights) system"]
[ECO "A04"]
[Time "17:01:42"]
[TimeControl "2700+45"]

1. Nf3 g6 2. e4 Bg7 3. d4 d6 4. Nc3 Nf6 5. Be3 O-O 6. Qd2 Nc6 7. Bh6 e5 8. Bxg7
Kxg7 9. O-O-O Bg4 10. dxe5 dxe5 11. Qe3 Qe7 12. Nd5 Nxd5 13. exd5 Nb4 14. a3 Na6
15. Re1 f6 16. h3 Bd7 17. Bxa6 bxa6 18. Qc3 Rac8 19. Rd1 Qd6 20. Rd2 Rb8 21. g4
Rb5 22. g5 Rxd5 23. Rxd5 Qxd5 24. Rd1 Qc6 25. gxf6+ Rxf6 26. Nxe5 {Black
resigns} 1-0

[Event "Team 45 45 League T53"]
[Site "Internet Chess Club"]
[Date "2012.05.20"]
[Round "1"]
[White "otherook"]
[Black "Buford-Julep"]
[Result "1/2-1/2"]
[WhiteElo "1779"]
[BlackElo "1677"]
[Opening "English, 1...Nf6 (Anglo-Indian defense)"]
[ECO "A15"]
[Time "15:00:53"]
[TimeControl "2700+45"]

1. c4 Nf6 2. g3 e5 3. Bg2 d5 4. cxd5 Nxd5 5. Nc3 Nb6 6. Nf3 Nc6 7. O-O Be7 8. d3
O-O 9. Be3 Be6 10. d4 exd4 11. Nxd4 Nxd4 12. Qxd4 Qxd4 13. Bxd4 c6 14. Ne4 Rad8
15. e3 Rfe8 16. Bc5 Bxc5 17. Nxc5 Bc8 18. Rfd1 Nd7 19. Nxd7 Rxd7 20. Rxd7 Bxd7
21. Rd1 Be6 22. a3 Kf8 23. f4 Ke7 24. Kf2 Rd8 25. Rxd8 Kxd8 26. e4 Ke7 27. Ke3
Kd6 28. Kd4 c5+ 29. Kc3 b5 30. e5+ Kc7 31. Be4 g6 32. h4 h5 33. Bf3 Kb6 34. Bd1
a5 35. Bb3 Kc6 36. Bd1 Bf5 37. Bf3+ Kb6 38. Bd5 Be6 39. Bf3 Kc7 40. Be2 Kb6 41.
Bf3 Kc7 {Game drawn by mutual agreement} 1/2-1/2

[Event "Team 45 45 League T53"]
[Site "Internet Chess Club"]
[Date "2012.05.19"]
[Round "1"]
[White "Invicta-Knight"]
[Black "losscause"]
[Result "1-0"]
[WhiteElo "1522"]
[BlackElo "1614"]
[Opening "Caro-Kann: Steinitz variation"]
[ECO "B17"]
[Time "11:00:32"]
[TimeControl "2700+45"]

1. e4 c6 2. d4 d5 3. Nc3 dxe4 4. Nxe4 Nd7 5. Nf3 Ngf6 6. Bd3 Nxe4 7. Bxe4 Nf6 8.
Bd3 Bg4 9. h3 Bh5 10. g4 Bg6 11. Be3 e6 12. c4 Be7 13. Qb3 Qb6 14. Ne5 Qxb3 15.
axb3 Bb4+ 16. Bd2 Bxd2+ 17. Kxd2 Be4 18. Rhe1 Bxd3 19. Kxd3 Ke7 20. f4 Rhd8 21.
f5 Nd7 22. Nxf7 Nc5+ 23. Kc3 Kxf7 24. dxc5 exf5 25. gxf5 a6 26. Re6 Re8 27. Rae1
Rxe6 28. Rxe6 Re8 29. Rxe8 Kxe8 30. Kd4 Ke7 31. Ke5 h6 32. b4 h5 33. h4 Kd7 34.
f6 g6 35. b3 Ke8 36. Ke6 Kf8 37. f7 g5 38. hxg5 h4 39. g6 h3 40. g7+ Kxg7 41.
Ke7 h2 42. f8=Q+ Kg6 43. Qf1 {Black resigns} 1-0

[Event "Team 45 45 League T53"]
[Site "Internet Chess Club"]
[Date "2012.05.21"]
[Round "1"]
[White "SirIvanhoe"]
[Black "ElmerHo"]
[Result "1/2-1/2"]
[WhiteElo "1495"]
[BlackElo "1482"]
[Opening "Scotch gambit: Dubois-Réti defense"]
[ECO "C55"]
[Time "19:00:08"]
[TimeControl "2700+45"]

1. e4 e5 2. Bc4 Nf6 3. d4 exd4 4. Nf3 Nc6 5. e5 d5 6. Bb5 Ne4 7. Nxd4 Bd7 8.
Bxc6 bxc6 9. O-O Bc5 10. Be3 Bb6 11. f3 Ng5 12. f4 Ne4 13. Nd2 Nxd2 14. Qxd2 c5
15. Nb3 d4 16. Bf2 Bc6 17. Rad1 Qd5 18. Bg3 Rd8 19. Kh1 O-O 20. Nc1 Rd7 21. Qf2
Bb5 22. Rfe1 Re8 23. Qf3 Bc6 24. Qxd5 Rxd5 25. Ne2 Re6 26. Ng1 Ba5 27. Rf1 Bb5
28. Rf2 c4 29. Nf3 c5 30. Ng5 Re8 31. Ne4 Bc7 32. Ng5 {Game drawn by mutual
agreement} 1/2-1/2

[Event "Team 45 45 League T53"]
[Site "Internet Chess Club"]
[Date "2012.05.19"]
[Round "1"]
[White "quotha"]
[Black "Portola"]
[Result "0-1"]
[WhiteElo "1650"]
[BlackElo "1801"]
[Opening "French: Rubinstein variation"]
[ECO "C10"]
[Time "09:06:36"]
[TimeControl "2700+45"]

1. e4 e6 2. d4 d5 3. Nc3 dxe4 4. Nxe4 Be7 5. Nf3 Nf6 6. Ng3 Nbd7 7. Bc4 b6 8.
O-O Bb7 9. Ng5 Bd5 10. Bd3 O-O 11. c4 Bb7 12. Re1 c5 13. d5 exd5 14. Nf5 Re8 15.
Qf3 Bf8 16. Bf4 dxc4 17. Qxb7 cxd3 18. Bd6 Rxe1+ 19. Rxe1 d2 20. Rd1 g6 21. Bxf8
Qxf8 22. Nh6+ Kg7 23. Nhxf7 Re8 24. Kf1 Qe7 25. g3 Qe2+ 26. Kg2 Qxd1 27. Nd6 Re1
28. Qc8 Rg1+ 29. Kh3 Qh5# {White checkmated} 0-1

[Event "Team 45 45 League T53"]
[Site "Internet Chess Club"]
[Date "2012.05.19"]
[Round "1"]
[White "rubo"]
[Black "Hapa-Haole"]
[Result "1-0"]
[WhiteElo "1763"]
[BlackElo "1627"]
[Opening "French: advance, Milner-Barry gambit"]
[ECO "C02"]
[Time "15:00:12"]
[TimeControl "2700+45"]

1. e4 e6 2. d4 d5 3. e5 c5 4. c3 Qb6 5. Nf3 Nc6 6. Bd3 Bd7 7. O-O Nh6 8. Bxh6
gxh6 9. Qe2 cxd4 10. cxd4 Nb4 11. Nc3 Nxd3 12. Qxd3 Bb4 13. Rfc1 a6 14. Qe3 Bf8
15. Rc2 Qd8 16. Rac1 Rc8 17. a3 Bg7 18. g3 O-O 19. Ne2 Rxc2 20. Rxc2 f6 21. exf6
Rxf6 22. Ne5 Bb5 23. Qc1 Qb6 24. Rc8+ Rf8 25. Rxf8+ Bxf8 26. Qf4 Be8 27. b4 Qd6
28. Qg4+ Bg7 29. Nf4 Kh8 30. Qxe6 Qxe6 31. Nxe6 b6 32. Nc7 Bxe5 33. dxe5 Bb5 34.
Nxd5 {Black resigns} 1-0

[Event "Team 45 45 League T53"]
[Site "Internet Chess Club"]
[Date "2012.05.19"]
[Round "1"]
[White "rookmaster23"]
[Black "g8wrb"]
[Result "1-0"]
[WhiteElo "1596"]
[BlackElo "1416"]
[Opening "Catalan opening"]
[ECO "E00"]
[Time "14:02:13"]
[TimeControl "2700+45"]

1. d4 Nf6 2. c4 e6 3. g3 Bb4+ 4. Bd2 Qe7 5. Bg2 O-O 6. a3 Bxd2+ 7. Qxd2 d5 8.
Nf3 b6 9. O-O h6 10. Nc3 Bb7 11. Ne5 c5 12. dxc5 Qxc5 13. b4 Qc7 14. Qd4 Nc6 15.
Nxc6 Qxc6 16. Rfd1 Rad8 17. cxd5 exd5 18. Rac1 Qe8 19. Rd2 Rd7 20. Rcd1 Qe7 21.
Qh4 Rfd8 22. Bh3 Rc7 23. Nb5 Rc4 24. Qxc4 dxc4 25. Rxd8+ Kh7 26. Nc3 Qe5 27.
R1d4 b5 28. e3 Bf3 29. Bg2 Qf5 30. Rf4 Qc2 31. Bxf3 Qxc3 32. Rb8 Qxa3 33. Rxb5
c3 34. Rc4 Qb2 35. Rbc5 Nd7 36. Rc7 Ne5 37. Be4+ g6 38. Rxc3 Qxb4 39. Bd5 a5 40.
Bxf7 Nf3+ 41. Kg2 Ne1+ 42. Kf1 Qb5+ 43. Kxe1 Qb1+ 44. Ke2 Qb5+ 45. Kf3 Qf5+ 46.
Kg2 Qe4+ 47. f3 Qb1 48. Ba2+ {Black resigns} 1-0

[Event "Team 45 45 League T53"]
[Site "Internet Chess Club"]
[Date "2012.05.18"]
[Round "1"]
[White "AtomicDog"]
[Black "dschesq"]
[Result "0-1"]
[WhiteElo "1350"]
[BlackElo "1582"]
[Opening "Sicilian: Kan, 5.Nc3"]
[ECO "B43"]
[Time "10:06:38"]
[TimeControl "2700+45"]

1. e4 c5 2. Nf3 e6 3. d4 cxd4 4. Nxd4 a6 5. Nc3 Qc7 6. a4 Nf6 7. Be2 b6 8. O-O
Bb7 9. Bf3 d6 10. Re1 Nbd7 11. g3 Be7 12. Bg2 O-O 13. Nf3 Rfe8 14. Bd2 Bf8 15.
Re2 Rac8 16. b4 Qb8 17. Ra3 Ng4 18. Qe1 Nge5 19. Nxe5 Nxe5 20. Rb3 g6 21. Bg5
Bg7 22. Qd2 Nc6 23. Be3 Red8 24. Bxb6 Rd7 25. Re3 Ba8 26. a5 Ne5 27. Qd1 Nc4 28.
Rd3 Nxb6 29. axb6 Qxb6 30. Na4 Qc6 31. Nc5 Rdd8 32. Ra3 Bb7 33. Nxb7 Qxb7 34.
Rxd6 Rxd6 35. Qxd6 Rxc2 36. Rd3 Rb2 37. e5 Qxb4 38. Qxa6 Rb1+ 39. Bf1 Bxe5 40.
Rd8+ Kg7 41. Qc8 Bd6 42. Rh8 Qe1 43. Qg8+ Kf6 44. Qd8+ Kf5 45. Qa8 Qxf1# {White
checkmated} 0-1